 Dungeon Crawl Stone Soup version 0.30-b1-2-g02819fbbbe (webtiles) character file.

Game seed: 13721983277894023020

704 raph the Summoner (level 7, -5/46 HPs)
             Began as a Merfolk Summoner on Oct 23, 2023.
             Slain by an ogre
             ... wielding a +0 giant club
              (25 damage)
             ... on level 4 of the Dungeon.
             The game lasted 00:07:52 (4674 turns).

raph the Summoner (Merfolk Summoner)                Turns: 4674, Time: 00:07:53

Health: -5/46      AC:  6    Str:  9    XL:     7   Next: 66%
Magic:  1/11       EV: 12    Int: 16    God:
Gold:   132        SH:  0    Dex: 14    Spells: 3/12 levels left

rFire   . . .        a - +1 spear
rCold   + . .        (no shield)
rNeg    . . .        c - +0 robe
rPois   .            g - +0 hat
rElec   .            (no cloak)
rCorr   .            (no gloves)
SInv    .            (no boots)
Will    .....        (no amulet)
Stlth   ++           i - ring of protection from cold
HPRegen 0.27/turn    j - +4 ring of protection
MPRegen 0.12/turn

%: no passive effects
@: no status effects
A: (nimble swimmer 2), mertail
a: no special abilities


You were on level 4 of the Dungeon.
You visited 1 branch of the dungeon, and saw 5 of its levels.

You collected 187 gold pieces.
You spent 55 gold pieces at shops.

Inventory:

Hand Weapons
 a - a +1 spear (weapon)
Missiles
 d - 3 poisoned darts
 s - 6 boomerangs
Armour
 c - a +0 robe (worn)
 g - a +0 hat (worn)
Jewellery
 i - a ring of protection from cold (left hand)
 j - a +4 ring of protection (right hand)
Scrolls
 f - a scroll of amnesia
Potions
 b - 3 potions of magic
 e - 2 potions of brilliance {unknown}
 h - a potion of haste {unknown}
 k - 3 potions of heal wounds
 l - 3 potions of flight {unknown}
 m - 2 potions of mutation {unknown}
 n - a potion of curing {unknown}
 o - a potion of might {unknown}
 p - a potion of cancellation {unknown}
 q - a potion of attraction {unknown}
 r - a potion of degeneration {unknown}


   Skills:
 - Level 2.6 Dodging
 - Level 2.1 Stealth
 + Level 3.2 Spellcasting
 + Level 2.4 Hexes
 * Level 8.2 Summonings


You had 3 spell levels left.
You knew the following spells:

 Your Spells              Type           Power      Damage    Failure   Level
a - Summon Small Mammal   Summ           100%       N/A       1%          1
b - Call Imp              Summ           56%        N/A       1%          2
c - Call Canine Familiar  Summ           28%        N/A       1%          3
d - Summon Guardian Gole  Hex/Summ       19%        N/A       6%          3

Your spell library contained the following spells:

 Spells                   Type           Power      Damage    Failure   Level
 Cigotuvi's Dreadful Rot  Necr/Pois/Air  4%         N/A       28%         2
 Hailstorm                Conj/Ice       2%         3d3       50%         3
 Ignite Poison            Fire/Tmut/Pois 2%         N/A       50%         3
 Summon Lightning Spire   Summ/Air       15%        N/A       32%         4
 Ice Form                 Ice/Tmut       2%         N/A       88%         4
 Freezing Cloud           Conj/Ice/Air   1%         6-21      99%         5
 Simulacrum               Ice/Necr       1%         N/A       100%        6


Dungeon Overview and Level Annotations

Branches:
Dungeon (5/15)
 Temple: D:4-7

Altars:
Ru

Shops:
D:2 *

Annotations:
D:3 3 runed translucent doors, mavignon's ghost, amateur DgTm


Innate Abilities, Weirdness & Mutations

((You are very nimble when in or above water. (Stealth+, EV+, Speed+++)))
Your lower body shifts to a powerful aquatic tail in water.


Message History

Orders for allies: a - Attack new target. r - Retreat! s - Stop attacking. g - Guard the area. f - Follow me.
Anything else - Cancel.
Gang up on whom?
Press: ? - help, Dir - move target, f - ogre
Aim: an ogre, wielding a +0 giant club (moderately wounded, ally target) Attack!
Your cerulean imp hits the ogre but does no damage.
Your quokka barely misses the ogre.
The ogre barely misses your cerulean imp.
Your cerulean imp hits the ogre but does no damage.
You could not reach far enough!
Your quokka bites the ogre.
The ogre completely misses your cerulean imp.
Your cerulean imp hits the ogre with a -2 spear.
Your quokka barely misses the ogre.
You reach to attack!
You completely miss the ogre.
The ogre is heavily wounded.
Your quokka dies!
Your quokka's corpse disappears in a puff of smoke!
Your cerulean imp hits the ogre with a -2 spear.
You reach to attack!
You closely miss the ogre.
The ogre is heavily wounded.
The ogre hits your cerulean imp with a +0 giant club!!
Your cerulean imp dies!
Your cerulean imp disappears in a puff of smoke!
Your guardian golem overheats!
You reach to attack!
You hit the ogre.
The ogre is severely wounded.
Your guardian golem disappears in a puff of smoke!
Casting: Summon Small Mammal (safe; 1% risk of failure)
Confirm with . or Enter, or press ? or * to list all spells.
A tiny devil pulls itself out of the air.
The ogre hits you with a +0 giant club!!
Ouch! That really hurt!
Your cerulean imp hits the ogre from afar with a -2 spear.
The ogre attacks as you move away!
The ogre hits you with a +0 giant club!!
Ouch! That really hurt!
You die...

..........#.#.#.........#.....#.#
..........#.#.#.#.#####.##..#.#.#
.......)....#...#5# #.##.##.#.#
.........########.# #.#.....#..
..................# ##...#.#####
.........#############...##.#
.........# #.......###.#
.........# ###.#####.# #.#
.........# #.@5# #.# #.#
.........# ##O### #.# #.#####
.........# #†.# #.# #..§h..
.........#####'### #.# #######
#...#.####.......# #.# .####.#
#.......# #.# ....#.# #.......#
#.# ....#.####.......#
####'######### ..).....###'######
#.............


You could see an ogre (ally target) and a friendly cerulean imp (summoned).

Vanquished Creatures
  A phantom (D:4)
  A wight (D:4)
  2 dart slugs
  2 worms
  An orc (D:4)
  2 ball pythons
  2 bats
  3 endoplasms
  A giant cockroach (D:1)
  3 goblins
  A hobgoblin (D:3)
  A jackal (D:4)
  2 quokkas
  2 kobolds
24 creatures vanquished.

Vanquished Creatures (collateral kills)
  Sigmund (D:4)
  A scorpion (D:4)
  2 wights (D:4)
  A hound (D:4)
  2 adders (D:4)
  2 worms
  3 dart slugs
  5 orcs (D:4)
  5 endoplasms
  A giant cockroach (D:1)
  5 goblins
  7 hobgoblins
  5 jackals
  2 quokkas (D:1)
  6 ball pythons
  3 bats
  A frilled lizard (D:3)
  3 kobolds
  6 rats
61 creatures vanquished.

Vanquished Creatures (others)
  A scorpion (D:4)
  A sleepcap (D:4)
  An ufetubus (D:4)
3 creatures vanquished.

Grand Total: 88 creatures vanquished

Notes
Turn   | Place    | Note
-------+----------+-------------------------------------------
     0 | D:1      | raph the Merfolk Summoner began the quest for the Orb.
     0 | D:1      | Reached XP level 1. HP: 13/13 MP: 3/3
   219 | D:1      | Reached XP level 2. HP: 19/19 MP: 1/5
   222 | D:1      | Learned a level 2 spell: Call Imp
   645 | D:1      | Found a faded altar of an unknown god.
   663 | D:1      | Reached XP level 3. HP: 24/24 MP: 1/6
   667 | D:1      | Learned a level 3 spell: Call Canine Familiar
   944 | D:1      | Reached skill level 5 in Summonings
  1716 | D:2      | Reached XP level 4. HP: 28/30 MP: 2/7
  2005 | D:2      | Found Lifeblom's General Store.
  2011 | D:2      | Bought a potion of heal wounds for 55 gold pieces
  2668 | D:3      | Found a runed translucent gate.
  2668 | D:3      | Found a runed translucent gate.
  2668 | D:3      | Found a runed translucent gate.
  2677 | D:3      | Noticed mavignon's ghost (amateur DgTm)
  3399 | D:4      | Reached skill level 6 in Summonings
  3399 | D:4      | Reached XP level 5. HP: 35/35 MP: 3/8
  3422 | D:4      | Reached skill level 7 in Summonings
  3422 | D:4      | Reached XP level 6. HP: 35/41 MP: 0/9
  3572 | D:4      | Learned a level 3 spell: Summon Guardian Golem
  3639 | D:4      | Noticed Sigmund
  3657 | D:4      | Killed Sigmund
  3658 | D:4      | Reached skill level 1 in Hexes
  3658 | D:4      | Reached XP level 7. HP: 18/46 MP: 2/10
  3891 | D:4      | Found a sacrificial altar of Ru.
  4361 | D:4      | Reached skill level 8 in Summonings
  4521 | D:5      | Entered Level 5 of the Dungeon
  4674 | D:4      | Slain by an ogre

Illustrated notes

Levels and vault maps discovered:
D:1:      roderic_crossed_star, layout_basic, nicolae_ecumenical_snake_handling
D:2:      layout_basic, serial_shops, nicolae_shop_stone
D:3:      layout_basic, gammafunk_ghost_necromancy
D:4:      layout_basic, marbit_many_paths, uniq_sigmund
D:5:      layout_rooms, gammafunk_ghost_hive

Skill      XL: |  1  2  3  4  5  6  7 |
---------------+----------------------+-----
Summonings     | 5 6 7 8 |  8.2
Hexes          | 1 2 |  2.4
Spellcasting   | 3 |  3.2
Dodging        | |  2.6
Stealth        | |  2.1

Action                     |  1- 3 |  4- 6 |  7- 9 || total
---------------------------+-------+-------+-------++-------
  Melee: Unarmed           |    15 |       |       ||    15
         Spear             |    73 |    87 |    46 ||   206
         Punch             |     1 |       |     1 ||     2
   Cast: Summon Small Mamm |    31 |     8 |     1 ||    40
         Call Imp          |    15 |     9 |     6 ||    30
         Call Canine Famil |     5 |    10 |     3 ||    18
         Summon Guardian G |       |     1 |     2 ||     3
    Use: Scroll            |     5 |     4 |       ||     9
   Stab: Distracted        |     2 |     1 |     2 ||     5
         Sleeping          |     3 |     2 |     2 ||     7
 Armour: Robe              |    24 |    32 |    17 ||    73
  Dodge: Dodged            |    69 |    33 |    36 ||   138
